 Dungeon Crawl Stone Soup version 0.30-a0-305-g026cb31310 (webtiles) character file.

Game seed: 17748441516476526058

724 Sobieck the Cutter (level 8, -12/47 HPs)
             Began as a Kobold Gladiator on Oct 21, 2022.
             Was an Initiate of Uskayaw.
             Mangled by a komodo dragon (14 damage)
             ... on level 6 of the Dungeon.
             The game lasted 00:10:33 (5721 turns).

Sobieck the Cutter (Kobold Gladiator)               Turns: 5721, Time: 00:10:34

Health: -12/47     AC:  5    Str: 12    XL:     8   Next: 2%
Magic:  0/8        EV: 16    Int:  9    God:    Uskayaw [......]
Gold:   244        SH:  0    Dex: 18    Spells: 7/7 levels left

rFire   . . .      SeeInvis .    a - +3 rapier {short}
rCold   . . .      Faith    .    (no shield)
rNeg    . . .      Spirit   +    D - +0 leather armour
rPois   .          Reflect  .    c - +1 helmet
rElec   .          Harm     .    (no cloak)
rCorr   .          Rampage  .    (no gloves)
Will    +....                    (no boots)
Stlth   ++++......               E - amulet of guardian spirit
HPRegen 0.27/turn                y - ring of willpower
MPRegen 0.11/turn                (no ring)

@: no status effects
A: small, no large weapons, nightstalker 3
a: Renounce Religion


You were on level 6 of the Dungeon.
You worshipped Uskayaw.
Uskayaw was noncommittal.
You visited 1 branch of the dungeon, and saw 6 of its levels.
You also visited: Ossuary.

You collected 361 gold pieces.
You spent 117 gold pieces at shops.


Innate Abilities, Weirdness & Mutations

You are small and have problems with some larger weapons.
You are completely attuned to the shadows.


   Skills:
 + Level 3.6 Fighting
 + Level 7.8 Short Blades
 - Level 2.1 Throwing
 - Level 1.0 Armour
 + Level 4.8 Dodging
 + Level 6.3 Stealth
 + Level 0.0 Invocations
 - Level 2.0 Evocations


You had 7 spell levels left.
You didn't know any spells.
Your spell library contained the following spells:

 Spells                   Type           Power      Damage    Failure   Level
 Magic Dart               Conj           0%         1d3       45%         1
 Shock                    Conj/Air       0%         1d3       45%         1
 Call Imp                 Summ           0%         N/A       61%         2
 Mephitic Cloud           Conj/Pois/Air  0%         N/A       83%         3
 Swiftness                Air            0%         N/A       83%         3
 Airstrike                Air            0%         2d(0-16)  99%         4

Inventory:

Hand Weapons
 a - a +3 rapier (weapon) {short}
 b - a +1 dagger of venom {short}
   (You took it off a goblin on level 3 of the Dungeon)
 G - a +1 hand axe of electrocution {axe}
   (You took it off an orc on level 5 of the Dungeon)
 L - a +0 shortbow of freezing {bow}
   (You took it off a centaur on level 5 of the Dungeon)
Missiles
 d - 3 throwing nets {=f!fthrowing}
 e - 2 boomerangs (quivered) {throwing}
 j - 63 stones {throwing}
 m - 3 boomerangs of dispersal {=f!fthrowing}
 B - 5 poisoned darts {throwing}
Armour
 c - a +1 helmet (worn)
 f - a +0 ring mail
   (You found it on level 1 of the Dungeon)
 h - a +0 robe
   (You found it on level 4 of the Dungeon)
 k - a +0 ring mail
   (You found it on level 1 of the Dungeon)
 l - a +0 leather armour
   (You found it on level 1 of the Dungeon)
 o - a +0 leather armour
   (You found it on level 4 of the Dungeon)
 q - a +0 robe
   (You took it off Blork the orc on level 4 of the Dungeon)
 s - a +0 scale mail
   (You found it on level 4 of the Dungeon)
 u - a +0 chain mail
   (You found it on level 2 of the Dungeon)
 v - a +0 ring mail
   (You found it on level 2 of the Dungeon)
 C - a +0 ring mail
   (You found it on level 3 of the Dungeon)
 D - a +0 leather armour (worn)
 F - +0 ice dragon scales
   (You found it on level 5 of the Dungeon)
 H - a +0 ring mail
   (You took it off an orc on level 5 of the Dungeon)
 I - a +0 ring mail
   (You took it off an orc on level 5 of the Dungeon)
 M - a +0 scale mail
   (You found it on level 6 of the Dungeon)
Magical Staves
 A - a staff of conjuration {!a@e2staff}
   (You found it on level 3 of the Dungeon)
Jewellery
 y - a ring of willpower (left hand)
   (You found it on level 2 of the Dungeon)
 E - an amulet of guardian spirit (around neck)
   (You found it on level 3 of the Dungeon)
 J - an amulet of reflection
   (You found it on level 5 of the Dungeon)
Wands
 r - a wand of flame (22)
   (You found it on level 4 of the Dungeon)
Scrolls
 g - a scroll of fog
 i - 5 scrolls of teleportation {@r4}
 t - 2 scrolls of enchant armour
Potions
 n - 3 potions of brilliance
 p - a potion of lignification {!q}
 w - a potion of attraction {!q}
 x - 2 potions of ambrosia
 z - a potion of curing {@q1}
 K - a potion of resistance {unknown}

Dungeon Overview and Level Annotations

Branches:
Dungeon (6/15) Zot: 26796 Ossuary (visited)
 Temple: D:4-7

Altars:
Fedhas
Uskayaw

Shops:
D:1 :   D:2 *

Annotations:
D:3 exclusion: downstairs
D:4 Grinder, Natasha

#.# #.# #.# #.#
#######
...#####)###......
.....##...##.#####
.....##......#
......#......#
#...l@........
#######.#...##.
#.......#
##+#.#.## #...


You could see a komodo dragon.


Message History

Unknown command.
You start removing your amulet.
You continue taking off your amulet of reflection. x4
You finish taking off your amulet of reflection.
You start putting on your amulet.
You continue putting on your amulet of guardian spirit. x5
You finish putting on your amulet of guardian spirit.
You feel your power drawn to a protective spirit.
E - an amulet of guardian spirit (around neck) Unknown command.
Unknown command.
Unknown command.
j - 54 stones {throwing} (gained 4)
j - 58 stones {throwing} (gained 4)
Found a stone staircase leading up.
Unknown command.
j - 63 stones {throwing} (gained 5)
There is a stone staircase leading up here.
M - a scroll of identify {@r1} Unknown command.
As you read the scroll of identify {@r1}, it crumbles to dust.
x - 2 potions of ambrosia Unknown command.
Unknown command.
You open the door.
There is an open door here.
Found a stone staircase leading down.
Unknown command.
There is a stone staircase leading down here.
Found a hide-covered altar of Uskayaw.
Unknown command.
There is a hide-covered altar of Uskayaw here.
You kneel at the altar of Uskayaw.
Uskayaw welcomes you!
Unknown command.
Press < or > to pray at altars.
There is an open door here.
Found a stone staircase leading down.
Unknown command.
Done exploring.
Unknown command.
Done exploring.
Done exploring.
(D) Dungeon
Where to? (Enter - D:4 @ (x,y), ? - help)
You see here a +0 flail {mace}.
There is an open door, spattered with blood here.
You see here a +0 flail {mace}.
There is an open door here.
There is an open door here.
There is a stone staircase leading down here.
You climb downwards.
There is a stone staircase leading up here.
Unknown command.
Unknown command.
Unknown command.
You open the door.
There is an open door here.
M - a scroll of identify {@r1} Unknown command.
As you read the scroll of identify {@r1}, it crumbles to dust.
p - a potion of lignification Unknown command.
Unknown command.
Unknown command.
Unknown command.
Unknown command.
You open the door.
There is an open door here.
Found a stone staircase leading down.
Unknown command.
M - a +0 scale mail
Found a stone staircase leading down.
Unknown command.
You open the door.
There is an open door here.
You open the door.
There is an open door here.
Found an escape hatch in the floor.
Unknown command.
You see here a +0 sling.
A komodo dragon comes into view.
Danger!
Unknown command.
Unknown command.
The komodo dragon hisses angrily.
You barely miss the komodo dragon.
You punch the komodo dragon, but do no damage.
The komodo dragon closely misses you.
Unknown command.
Unknown command.
You barely miss the komodo dragon. The komodo dragon bites you!!
You hit the komodo dragon.
Unknown command.
You hit the komodo dragon but do no damage.
The komodo dragon bites you!!
* * * LOW HITPOINT WARNING * * *
Unknown command.
You puncture the komodo dragon! The komodo dragon bites you!
You die...

Skill      XL: |  1  2  3  4  5  6  7 |
---------------+----------------------+-----
Stealth        | 2 3 4 5 6 |  6.3
Short Blades   | 5 6 7 |  7.8
Evocations     | 1 2 |  2.0
Armour         | 1 |  1.0
Dodging        | 4 |  4.8
Fighting       | 3 |  3.6
Throwing       | |  2.1

Action                   |  1- 3 |  4- 6 |  7- 9 || total
-------------------------+-------+-------+-------++-------
Melee: Rapier            |    89 |   145 |    61 ||   295
       Punch             |       |     2 |     1 ||     3
Throw: Boomerang         |       |     4 |     8 ||    12
  Use: Scroll            |       |    17 |     4 ||    21
       Potion            |       |     3 |       ||     3
 Stab: Sleeping          |    15 |    18 |     2 ||    35
Armor: Leather armour    |    15 |    13 |    10 ||    38
Dodge: Dodged            |    77 |    78 |    48 ||   203
Block: Other             |       |       |     1 ||     1

Levels and vault maps discovered:
D:1:      wander_arrival_abandoned_jail, layout_loops_ring,
          shapermc_ecumenical_altar_totnotflames, dreamdust_wishing_well,
          nicolae_shop_vocational
D:2:      layout_basic, serial_shops, nicolae_diamond_shop
D:3:      layout_loops_corners, minmay_box_of_dots
D:4:      layout_cave_pods, enter_ossuary_3, uniq_grinder, uniq_natasha,
          uniq_blork_the_orc
D:5:      layout_basic, nicolae_uskayaw_dance_hall,
          mainiacjoe_overflow_six_doors_small, hex_intersection
D:6:      minmay_opposing_rooms, layout_loops_corners,
          nicolae_wu_jian_wuxing_cycle, nicolae_wooded_promenade,
          minmay_misc_feat_diagonals, uniq_maggie, uniq_edmund,
          uniq_prince_ribbit1

Notes
Turn   | Place    | Note
-------+----------+-------------------------------------------
     0 | D:1      | Sobieck the Kobold Gladiator began the quest for the Orb.
     0 | D:1      | Reached XP level 1. HP: 12/12 MP: 1/1
    88 | D:1      | Found Hyraleo's Vocational Training.
    96 | D:1      | Reached skill level 1 in Stealth
   194 | D:1      | Reached skill level 2 in Stealth
   194 | D:1      | Reached XP level 2. HP: 13/17 MP: 2/2
   242 | D:1      | Found a faded altar of an unknown god.
   417 | D:1      | Reached skill level 3 in Stealth
   853 | D:1      | Reached XP level 3. HP: 21/21 MP: 3/3
  1024 | D:2      | Reached skill level 4 in Stealth
  1749 | D:2      | Found Meosud's General Store.
  1753 | D:2      | Bought a scroll of teleportation for 39 gold pieces
  1753 | D:2      | Bought a potion of attraction for 39 gold pieces
  1753 | D:2      | Bought a potion of curing for 39 gold pieces
  2188 | D:3      | Reached XP level 4. HP: 26/26 MP: 4/4
  2230 | D:3      | Reached skill level 5 in Stealth
  2530 | D:3      | You pick up a book of Air and begin reading...
  2530 | D:3      | You add the spells Shock, Swiftness and Airstrike to your
                  | library.
  2695 | D:3      | Reached skill level 5 in Short Blades
  2827 | D:3      | Reached XP level 5. HP: 30/30 MP: 5/5
  2832 | D:3      | You pick up a book of Minor Magic and begin reading...
  2832 | D:3      | You add the spells Magic Dart, Call Imp and Mephitic Cloud
                  | to your library.
  2970 | D:4      | Noticed Grinder
  3352 | D:4      | Noticed Blork the orc
  3363 | D:4      | Killed Blork the orc
  3364 | D:4      | Reached skill level 6 in Short Blades
  3364 | D:4      | Reached XP level 6. HP: 21/35 MP: 2/6
  3373 | D:4      | Found a sand-covered staircase.
  3379 | Ossuary  | Entered an ossuary
  3508 | Ossuary  | Reached skill level 7 in Short Blades
  3510 | Ossuary  | HP: 8/35 [mummy (14)]
  3519 | Ossuary  | HP: 6/35 [mummy (3)]
  3911 | D:4      | Noticed a black bear
  3914 | D:4      | Killed a black bear
  3915 | D:4      | Reached skill level 1 in Evocations
  3980 | D:4      | Noticed Natasha
  4524 | D:5      | Entered Level 5 of the Dungeon
  4566 | D:5      | Noticed an ogre
  4591 | D:5      | HP: 3/36 [ogre/+0 giant spiked club (27)]
  4597 | D:5      | Killed an ogre
  4598 | D:5      | Reached skill level 1 in Armour
  4598 | D:5      | Reached skill level 4 in Dodging
  4598 | D:5      | Reached XP level 7. HP: 4/40 MP: 1/7
  4599 | D:5      | HP: 3/40 [ufetubus (2)]
  4759 | D:5      | Reached skill level 2 in Evocations
  4907 | D:5      | Reached skill level 3 in Fighting
  4918 | D:5      | Found a blossoming altar of Fedhas.
  5038 | D:5      | Reached skill level 6 in Stealth
  5149 | D:5      | Reached XP level 8. HP: 28/47 MP: 8/8
  5329 | D:5      | Found a hide-covered altar of Uskayaw.
  5334 | D:5      | Became a worshipper of Uskayaw the Reveller
  5712 | D:6      | Noticed a komodo dragon
  5720 | D:6      | HP: 2/47 [komodo dragon (23)]
  5721 | D:6      | Mangled by a komodo dragon

Vanquished Creatures
  A black bear (D:4)
  An ogre (D:5)
  2 centaurs (D:5)
  Blork the orc (D:4)
  A hound (D:5)
  3 orc priests
  2 iguanas
  A mummy (Ossuary)
  4 adders
  An ufetubus (D:5)
  2 worms
  A dart slug (D:4)
  8 orcs
  5 bats
  8 endoplasms
  7 giant cockroaches
  2 goblins
  8 hobgoblins
  7 jackals
  3 kobolds
  5 quokkas
  7 ball pythons
  2 frilled lizards
  A gnoll zombie (Ossuary)
  A goblin zombie (Ossuary)
  A hobgoblin zombie (Ossuary)
  A jackal zombie (D:4)
  2 kobold zombies
  7 rats
95 creatures vanquished.

Table legend:
 A = Non-vault XP
 B = Vault XP
 C = Vault XP percentage of total XP
 D = Non-vault monster count
 E = Vault monster count
 F = Vault count percentage of total count
                 A         B        C        D         E       F
            +---------+---------+-------+---------+---------+-------
      Total |     907 |     128 |  12.4 |      83 |      12 |  12.6
            +---------+---------+-------+---------+---------+-------
        D:1 |      30 |       0 |   0.0 |      17 |       0 |   0.0
        D:2 |      24 |       0 |   0.0 |      12 |       0 |   0.0
        D:3 |      84 |       5 |   5.6 |      22 |       4 |  15.4
        D:4 |     213 |     101 |  32.2 |      14 |       3 |  17.6
        D:5 |     556 |       0 |   0.0 |      18 |       0 |   0.0
    Ossuary |       0 |      22 | 100.0 |       0 |       5 | 100.0
            +---------+---------+-------+---------+---------+-------

Illustrated notes

Table legend:
 A = Kills in this place as a percentage of kills in entire the game.
 B = Kills by you in this place as a percentage of kills by you in the entire game.
 C = Kills by friends in this place as a percentage of kills by friends in the entire game.
 D = Other kills in this place as a percentage of other kills in the entire game.
 E = Experience gained in this place as a percentage of experience gained in the entire game.
 F = Experience gained in this place divided by the number of levels of this place that you have seen.
                   A       B       C       D       E      F
               +-------+-------+-------+-------+-------+----------------------
         Total | 100.0 | 100.0 |   N/A |   N/A | 100.0 | 147.9
       Dungeon |  94.7 |  94.7 |   N/A |   N/A |  97.9 | 168.8
       Ossuary |   5.3 |   5.3 |   N/A |   N/A |   2.1 |  22.0
               +-------+-------+-------+-------+-------+----------------------

Table legend: (Time is in decaauts)
 A = Elapsed time spent in this place.
 B = Non-inter-level travel time spent in this place.
 C = Inter-level travel time spent in this place.
 D = Time resting spent in this place.
 E = Time spent auto-exploring this place.
 F = Levels seen in this place.
 G = Mean time per level.
                   A        B        C        D        E       F      G
               +--------+--------+--------+--------+--------+-----+--------+
         Total |   5681 |   5428 |    253 |    571 |   3868 |   7 |  811.6 |
       Dungeon |   5521 |   5268 |    253 |    504 |   3868 |   6 |  920.2 |
       Ossuary |    159 |    159 |      0 |     67 |      0 |   1 |  159.0 |
               +--------+--------+--------+--------+--------+-----+--------+

Top non-repeatable levels by time:
     D:3: 1271 daAuts
     D:4: 1195 daAuts
     D:5: 981 daAuts
     D:1: 950 daAuts
     D:2: 920 daAuts
     D:6: 203 daAuts
 Ossuary: 159 daAuts
